 Dungeon Crawl Stone Soup version 0.30-b1-2-g02819fbbbe (webtiles) character file.

Game seed: 14325731759620041054

47881 Dirian the Tortoise (level 14, -11/132 HPs)
             Began as a Minotaur Berserker on May 16, 2023.
             Was a High Priest of Trog.
             Succumbed to Sonja's poison
             ... on level 1 of the Lair of Beasts.
             The game lasted 00:20:44 (14718 turns).

Dirian the Tortoise (Minotaur Berserker)           Turns: 14718, Time: 00:20:45

Health: -11/132    AC: 38    Str: 27    XL:     14   Next: 10%
Magic:  13/13      EV:  7    Int:  4    God:    Trog [*****.]
Gold:   723        SH: 10    Dex: 16    Spells: 13/13 levels left

rFire   . . .        a - +0 broad axe
rCold   + . .        E - +0 kite shield
rNeg    . . .        y - +8 crystal plate armour of the Cuttlefish {rElec Will+}
rPois   .            (helmet restricted)
rElec   +            H - scarf {+Inv}
rCorr   .            e - +1 pair of gloves
SInv    .            (no boots)
Will    ++...        I - amulet of regeneration Stlth
                     p - ring of protection from cold
HPRegen 1.22/turn    l - +6 ring of dexterity
MPRegen 0.13/turn

%: no passive effects
@: lethally poisoned (-11 -> -56), on berserk cooldown, slowed, studying Long
Blades, very slow
A: horns 2, retaliatory headbutt
a: Renounce Religion, Evoke Invisibility, Berserk, Trog's Hand, Brothers in Arms


You were on level 1 of the Lair of Beasts.
You worshipped Trog.
Trog was extremely pleased with you.
You visited 2 branches of the dungeon, and saw 16 of its levels.
You also visited: Bailey.

You collected 1078 gold pieces.
You spent 355 gold pieces at shops.

Inventory:

Hand Weapons
 a - a +0 broad axe (weapon)
 b - a +1 hand axe of flaming
Missiles
 u - 7 javelins (quivered)
 D - 9 boomerangs
 N - a throwing net
Armour
 e - a +1 pair of gloves (worn)
 y - the +8 crystal plate armour of the Cuttlefish (worn) {rElec Will+}
   (You acquired it on level 10 of the Dungeon)

   rElec:     It insulates you from electricity.
   Will:      It increases your willpower.
 E - a +0 kite shield (worn)
 H - a scarf of invisibility (worn)
Jewellery
 l - a +6 ring of dexterity (right hand)
 p - a ring of protection from cold (left hand)
 I - an amulet of regeneration (around neck)
 P - a ring of protection from fire
Wands
 c - a wand of polymorph (5)
 k - a wand of roots (10)
 m - a wand of flame (70)
 o - a wand of paralysis (28)
 v - a wand of digging (3)
 L - a wand of light (3)
Scrolls
 f - 2 scrolls of butterflies
 j - 3 scrolls of enchant weapon
 t - 6 scrolls of teleportation
 x - 7 scrolls of poison
 A - 2 scrolls of immolation
 B - 3 scrolls of fear
 J - a scroll of enchant armour
 O - 3 scrolls of vulnerability {unknown}
Potions
 d - a potion of might
 g - 3 potions of berserk rage
 h - 4 potions of haste
 i - 5 potions of attraction
 n - 2 potions of resistance
 q - 7 potions of curing
 s - 3 potions of flight
 w - 2 potions of heal wounds
 C - 2 potions of lignification
 F - 2 potions of ambrosia
 G - 4 potions of mutation
 K - a potion of cancellation {unknown}
 M - 5 potions of brilliance {unknown}
Miscellaneous
 r - a phantom mirror


   Skills:
 + Level 14.0 Fighting
 + Level 18.6 Axes
 * Level 20.9 Armour
 - Level 2.1 Dodging
 - Level 5.0 Shields


You had 13 spell levels left.
You didn't know any spells.
Your spell library was empty.

Dungeon Overview and Level Annotations

Branches:
Dungeon (15/15) Zot: 25970  Temple (0/1) D:7            Lair (1/5) D:10 Zot: 5930
    Orc (0/2) D:9          Vaults (0/5) D:14         Depths (0/4) D:15
 Bailey (visited)

Altars:
Ru
Sif Muna
Vehumet
Wu Jian
The Shining One

Shops:
D:7 !   D:10 [   D:13 !


Innate Abilities, Weirdness & Mutations

You have a pair of horns on your head.
You reflexively headbutt those who attack you in melee.


Message History

The komodo dragon bites you but does no damage.
Sonja hits you with a +0 dagger of venom.
You are more poisoned.
You block Sonja's attack. Sonja hits you but does no damage.
You block Sonja's attack. x2; Sonja closely misses you.
The komodo dragon barely misses you.
You're still recovering from your berserk rage.
You slash Sonja!
Sonja is heavily wounded.
You hit the komodo dragon.
You feel extremely sick. You block Sonja's attack.
Sonja hits you but does no damage.
You are more poisoned.
Sonja hits you but does no damage.
You are more poisoned.
The komodo dragon bites you!
* * * LOW HITPOINT WARNING * * *
You barely miss Sonja.
Sonja is heavily wounded.
You hit the komodo dragon but do no damage.
* * * LOW HITPOINT WARNING * * *
You feel extremely sick. You block Sonja's attack.
Sonja hits you but does no damage.
You are more poisoned.
Sonja barely misses you. Sonja hits you but does no damage.
You are more poisoned.
Sonja hits you but does no damage.
You are more poisoned.
Sonja hits you but does no damage.
You are more poisoned.
The komodo dragon bites you but does no damage.
You slash Sonja!
You kill Sonja!
Trog accepts your kill.
Trog appreciates your killing of a magic user.
You barely miss the komodo dragon.
* * * LOW HITPOINT WARNING * * *
You feel extremely sick.
The komodo dragon bites you but does no damage.
You die...

P...................
..#.....#...........
........##..........
...?....#...........
#...$..††...........
#...................
........##..†.......
....#........#......
........@.....#.....
......l.............
....../.......>.....
....................
...#........P.....
..................
##....$...........
##............##
#)...........#


You could see a komodo dragon.

Vanquished Creatures
  A stone giant (D:15)
  An ettin (D:14)
  2 fire dragons
  Josephine (D:14)
  A rakshasa (D:14)
  A great orb of eyes (D:12)
  A hydra (D:13)
  A centaur warrior (D:14)
  9 two-headed ogres
  4 boulder beetles
  A tengu warrior (D:15)
  Sonja (Lair:1)
  A sun demon (D:14)
  7 skeletal warriors
  Pikel (D:6)
  A phantasmal warrior (D:14)
  A deep elf pyromancer (D:12)
  17 ugly things
  3 cyclopes
  2 manticores (D:12)
  5 elephants (Lair:1)
  A gargoyle (D:12)
  3 cane toads (Lair:1)
  An eye of devastation (shapeshifter) (D:14)
  2 unseen horrors
  An efreet (D:8)
  A komodo dragon (shapeshifter) (D:15)
  5 komodo dragons
  A tengu conjurer (D:13)
  An ice devil (D:14)
  5 trolls
  Grinder (D:5)
  Sigmund (D:3)
  2 shadows
  5 spriggans (Bailey)
  3 wyverns (D:10)
  19 yaks
  A vampire (D:10)
  2 basilisks
  3 water elementals (D:15)
  5 wraiths
  9 vampire mosquitoes
  A redback simulacrum (D:15)
  2 steam dragons
  Menkaure (D:5)
  A human (shapeshifter) (D:12)
  7 water moccasins
  Duvessa (D:6)
  3 orc warriors
  A black bear (D:6)
  An ice beast (D:8)
  5 ogres
  4 centaurs
  3 lemures (D:6)
  A phantom (D:4)
  Blork the orc (D:5)
  2 bullfrogs
  4 kobold brigands
  4 scorpions
  4 wights
  Dowan (D:6)
  4 killer bees (D:10)
  5 howler monkeys
  An electric eel (D:15)
  4 crimson imps (D:14)
  3 hounds
  5 orc priests
  A gnoll bouda (D:6)
  A jelly (D:7)
  2 sleepcaps
  3 iguanas
  9 orc wizards
  3 gnolls (D:6)
  8 adders
  2 shadow imps (D:6)
  4 white imps (D:14)
  2 ufetubi
  3 worms
  A dart slug (D:2)
  25 orcs
  10 endoplasms
  3 giant cockroaches
  7 goblins
  5 hobgoblins
  2 jackals (D:2)
  6 quokkas
  5 ball pythons
  5 bats
  7 frilled lizards
  22 kobolds
  7 rats
346 creatures vanquished.

Vanquished Creatures (others)
  5 fungi
  44 plants
49 creatures vanquished.

Grand Total: 395 creatures vanquished

Notes
Turn   | Place    | Note
-------+----------+-------------------------------------------
     0 | D:1      | Dirian the Minotaur Berserker began the quest for the Orb.
     0 | D:1      | Reached XP level 1. HP: 19/19 MP: 0/0
    80 | D:1      | You fall into a shaft and drop 1 floor!
   156 | D:1      | Reached XP level 2. HP: 23/27 MP: 1/1
   866 | D:2      | Reached XP level 3. HP: 33/33 MP: 2/2
   866 | D:2      | Reached ** piety under Trog
   931 | D:2      | Identified the +1 leather armour of the Silversmith {Harm}
  1002 | D:2      | Reached skill level 3 in Armour
  1508 | D:3      | Reached XP level 4. HP: 40/41 MP: 3/3
  1579 | D:3      | Noticed Sigmund
  1585 | D:3      | Killed Sigmund
  1586 | D:3      | Reached skill level 5 in Fighting
  1586 | D:3      | Reached XP level 5. HP: 48/48 MP: 4/4
  2020 | D:4      | Noticed a phantom
  2031 | D:4      | Killed a phantom
  2032 | D:4      | Reached skill level 4 in Armour
  2032 | D:4      | Reached XP level 6. HP: 51/56 MP: 5/5
  2243 | D:4      | Reached *** piety under Trog
  2593 | D:5      | Entered Level 5 of the Dungeon
  2630 | D:5      | Reached XP level 7. HP: 19/62 MP: 6/6
  2796 | D:5      | Found a glowing golden altar of the Shining One.
  2904 | D:5      | Reached skill level 5 in Armour
  2945 | D:5      | Noticed Grinder
  2954 | D:5      | Killed Grinder
  2974 | D:5      | Found a radiant altar of Vehumet.
  2983 | D:5      | Reached XP level 8. HP: 56/70 MP: 7/7
  3131 | D:5      | Noticed Blork the orc
  3140 | D:5      | Killed Blork the orc
  3141 | D:5      | Reached skill level 6 in Armour
  3197 | D:5      | Noticed Menkaure
  3206 | D:5      | Killed Menkaure
  3553 | D:6      | Noticed a two-headed ogre
  3561 | D:6      | Killed a two-headed ogre
  3562 | D:6      | Reached skill level 10 in Axes
  3562 | D:6      | Reached skill level 7 in Armour
  3847 | D:6      | Noticed Pikel
  3936 | D:6      | Killed Pikel
  3937 | D:6      | Reached skill level 8 in Armour
  3937 | D:6      | Reached XP level 9. HP: 66/79 MP: 8/8
  3943 | D:6      | Noticed Dowan
  3947 | D:6      | Killed Dowan
  4365 | D:6      | Reached skill level 9 in Armour
  4585 | D:6      | Noticed Duvessa
  4588 | D:6      | Killed Duvessa
  4809 | D:7      | Found a staircase to the Ecumenical Temple.
  4912 | D:7      | Noticed a komodo dragon
  4924 | D:7      | Killed a komodo dragon
  5283 | D:7      | Found Idduf's Distillery.
  5291 | D:7      | Bought a potion of lignification for 42 gold pieces
  5291 | D:7      | Bought a potion of degeneration for 14 gold pieces
  5670 | D:7      | Found a sacrificial altar of Ru.
  6081 | D:8      | Found a flagged portal.
  6125 | Bailey   | Entered a bailey
  6138 | Bailey   | Reached skill level 10 in Armour
  6169 | Bailey   | Noticed a two-headed ogre
  6181 | Bailey   | Killed a two-headed ogre
  6182 | Bailey   | Reached skill level 1 in Shields
  6182 | Bailey   | Reached XP level 10. HP: 24/88 MP: 9/9
  6634 | Bailey   | Reached skill level 11 in Armour
  6858 | D:8      | Identified the +1 ring mail of Proximity {Harm Will+ Dex-5}
  7693 | D:8      | Reached **** piety under Trog
  7987 | D:8      | Reached skill level 12 in Armour
  8084 | D:9      | Found a staircase to the Orcish Mines.
  8281 | D:9      | Noticed a two-headed ogre
  8288 | D:9      | Killed a two-headed ogre
  8373 | D:9      | Found a shimmering blue altar of Sif Muna.
  8380 | D:9      | Noticed a two-headed ogre
  8385 | D:9      | Reached XP level 11. HP: 84/97 MP: 10/10
  8396 | D:9      | Killed a two-headed ogre
  8397 | D:9      | Reached skill level 5 in Shields
  8819 | D:10     | Entered Level 10 of the Dungeon
  8836 | D:10     | Found Xecsam's Antique Armour Boutique.
  9508 | D:10     | Noticed a two-headed ogre
  9528 | D:10     | Killed a two-headed ogre
  9529 | D:10     | Reached skill level 10 in Fighting
  9529 | D:10     | Reached skill level 13 in Armour
  9577 | D:10     | Found a staircase to the Lair.
  9955 | D:10     | Identified 2 scrolls of acquirement
  9955 | D:10     | Acquired the +8 crystal plate armour of the Cuttlefish
                  | {rElec Will+}
  9956 | D:10     | Acquired a manual of Armour
 10105 | D:11     | Noticed a two-headed ogre
 10113 | D:11     | Killed a two-headed ogre
 10114 | D:11     | Reached skill level 15 in Axes
 10142 | D:11     | Reached skill level 14 in Armour
 10191 | D:11     | Noticed a two-headed ogre
 10200 | D:11     | Killed a two-headed ogre
 10200 | D:11     | Reached ***** piety under Trog
 10336 | D:11     | Noticed a two-headed ogre
 10344 | D:11     | Killed a two-headed ogre
 10365 | D:11     | Reached XP level 12. HP: 101/108 MP: 11/11
 10395 | D:11     | Noticed a boulder beetle
 10408 | D:11     | Killed a boulder beetle
 10409 | D:11     | Reached skill level 15 in Armour
 10698 | D:11     | Identified the +1 sling of the Leaping Gods {heavy, Will+
                  | rCorr}
 10967 | D:12     | Noticed a boulder beetle
 10968 | D:12     | Noticed a great orb of eyes
 10977 | D:12     | Paralysed by a great orb of eyes for 2 turns
 10982 | D:12     | Killed a boulder beetle
 10990 | D:12     | Killed a great orb of eyes
 11021 | D:12     | Reached skill level 16 in Armour
 11063 | D:12     | Noticed a two-headed ogre
 11070 | D:12     | Killed a two-headed ogre
 11272 | D:12     | Found a shimmering blue altar of Sif Muna.
 11585 | D:12     | Reached skill level 17 in Armour
 11705 | D:13     | Noticed a six-headed hydra
 11719 | D:13     | Killed a one-headed hydra
 11754 | D:13     | Noticed a boulder beetle
 11789 | D:13     | Killed a boulder beetle
 11943 | D:13     | Identified the +1 ring mail of Elyvilon's Approval {rPois
                  | Int+2 Dex-5 Stlth+}
 12048 | D:13     | Found Natrureod's Distillery.
 12051 | D:13     | Bought a potion of haste for 130 gold pieces
 12051 | D:13     | Bought a potion of ambrosia for 104 gold pieces
 12051 | D:13     | Bought a potion of heal wounds for 65 gold pieces
 12202 | D:14     | Noticed a centaur warrior
 12217 | D:14     | Killed a centaur warrior
 12350 | D:14     | Reached skill level 18 in Armour
 12678 | D:14     | Noticed Josephine
 12688 | D:14     | Killed Josephine
 12689 | D:14     | Reached XP level 13. HP: 76/113 MP: 12/12
 12781 | D:14     | Noticed an ettin
 12783 | D:14     | Noticed a fire dragon
 12792 | D:14     | Killed an ettin
 12792 | D:14     | HP: 4/175 [fire dragon/blast of flame (22)]
 12990 | D:14     | Reached skill level 19 in Armour
 13455 | D:14     | Killed a fire dragon
 13545 | D:14     | Found a gate to the Vaults.
 13608 | D:15     | Entered Level 15 of the Dungeon
 13608 | D:15     | Noticed a fire dragon
 13618 | D:15     | Killed a fire dragon
 13669 | D:15     | Identified the +5 hand axe "Foiss" {antimagic, rElec rC++
                  | Str-3 Stlth+} (Trog gifted it to you on level 15 of the
                  | Dungeon)
 13669 | D:15     | Received a gift from Trog
 13820 | D:15     | HP: 2/122 [skeletal warrior/+2 heavy long sword (21)]
 13830 | D:15     | Reached skill level 20 in Armour
 14289 | D:15     | Found a staircase to the Depths.
 14289 | D:15     | Noticed a stone giant
 14330 | D:15     | Killed a stone giant
 14642 | Lair:1   | Entered Level 1 of the Lair of Beasts
 14647 | Lair:1   | Found an ornate altar of the Wu Jian Council.
 14676 | Lair:1   | Reached XP level 14. HP: 114/130 MP: 13/13
 14704 | Lair:1   | Noticed Sonja
 14717 | Lair:1   | Killed Sonja
 14717 | Lair:1   | HP: 5/132 [poisoned by Sonja]
 14718 | Lair:1   | Succumbed to Sonja's poison

Illustrated notes

Levels and vault maps discovered:
D:1:      sevenhm_arrival_forest_fort_large_2, layout_rooms
D:2:      layout_rooms
D:3:      layout_basic, uniq_sigmund
D:4:      layout_basic, feat_on_display
D:5:      layout_basic, mainiacjoe_overflow_boulevard,
          lemuel_coloured_pillars_altar, minmay_misc_feat_plants, uniq_grinder,
          uniq_blork_the_orc, uniq_menkaure
D:6:      layout_basic, uniq_duvessa, uniq_pikel
D:7:      layout_layer_cave, lemuel_tele_altar, minmay_temple_entry_mist,
          serial_shops, shop
D:8:      layout_basic, enter_bailey_1, minmay_manual_mail
D:9:      layout_small_grid, nicolae_overflow_crystal_walls, orc_0_dummy
D:10:     layout_stronghold, minmay_lair_entry_grove, serial_shops, shop
D:11:     layout_irregular_city
D:12:     minmay_ornate_pinched, layout_small_grid, kennysheep_orc_sif_temple
D:13:     layout_roguey, serial_shops, nicolae_shop_real_fake_doors
D:14:     layout_cave_pods, david_vaults_4, minmay_fire_ice_demons,
          uniq_josephine
D:15:     grunt_enter_depths_giant_problem, layout_cave_pools, serial_bayou,
          serial_bayou_lagoon_b, serial_bayou_pond_d, serial_bayou_shore_b,
          serial_bayou_pond_c, chequers_serial_rivers_micro_e
Lair:1:   dreamdust_labyrinth, layout_cave_shapes,
          nzn_masters_of_martial_movement, uniq_sonja, uniq_fannar

Skill      XL: |  1  2  3  4  5  6  7  8  9 10 11 12 13 14 |
---------------+-------------------------------------------+-----
Axes           | 4 6 7 9 11 12 13 15 17 18 | 18.6
Fighting       | 4 5 6 7 8 9 10 12 13 14 | 14.0
Armour         | 3 4 5 8 10 12 14 18 20 | 20.9
Shields        | 1 4 5 |  5.0
Dodging        | |  2.1

Action                     |  1- 3 |  4- 6 |  7- 9 | 10-12 | 13-15 || total
---------------------------+-------+-------+-------+-------+-------++-------
  Melee: Hand axe          |    33 |       |       |    11 |       ||    44
         Headbutt          |     8 |     5 |    40 |   163 |    98 ||   314
         War axe           |    45 |    75 |   148 |   553 |     8 ||   829
         Punch             |       |       |     2 |       |       ||     2
         Broad axe         |       |       |       |       |   331 ||   331
 Invoke: Berserk           |       |     1 |     1 |     4 |     5 ||    11
         Trog's Hand       |       |     1 |     2 |       |     3 ||     6
    Use: Scroll            |       |     8 |     4 |     9 |     2 ||    23
         Potion            |       |       |       |       |     3 ||     3
   Stab: Sleeping          |     1 |       |       |       |       ||     1
 Armour: Animal skin       |     5 |       |       |       |       ||     5
         Leather armour    |    14 |     1 |       |       |       ||    15
         Scale mail        |       |    36 |    36 |    19 |       ||    91
         Chain mail        |       |       |       |    59 |       ||    59
         Crystal plate arm |       |       |       |   251 |   232 ||   483
  Dodge: Dodged            |    58 |    46 |    79 |   144 |    69 ||   396
  Block: Kite shield       |       |       |     5 |   212 |   150 ||   367
